groovejumper, neutral female human Wizard ------------ ------ #...........| |<...| ------------ |..........-#####.....| |..........| ##...........| |....| |..........| ------ # |..........| --|--- |..........| #+..<)+# ---------------####-..........| # |..........| ###|....|#######..............|# -.---#----#- ### |....@.....| # #.[...| |.............|# ############# # --+---u----- # #--|--- |......[......-# # # ## # # # ### #..............|############# ## # # # # # ####-----------#---# -.-----|--.---- ########################################## |.............| ## # # ###############################..............| ---.-------# ## ## |.............| |..........# --|--#### |.............| |.........| |...|## --------------- |.........| |...-## ----------- |.|.| ----- groovejumper the Thaumaturge Experience level: 9 Strength: 16 Dexterity: 10 Constitution: 16 Intelligence: 18 Wisdom: 9 Charisma: 11 Health: 0(77) Energy: 33(79) AC: 7 Gold: 0 Moves: 5884 Your Inventory: Weapons a - a blessed +1 quarterstaff (weapon in hands) Armor x - an uncursed +0 cloak of magic resistance (being worn) S - an uncursed +0 elven leather helm (being worn) T - an uncursed +0 pair of elven boots (being worn) Rings e - an uncursed ring of teleport control Wands c - an uncursed wand of teleportation (0:7) C - an [uncursed] wand of magic missile [0:2] Tools b - an [uncursed] sack u - an [uncursed +0] unicorn horn B - an [uncursed] towel Contents of the sack: 1429 gold pieces an [uncursed] food ration 2 [uncursed] lizard corpses 2 [uncursed] scrolls called earth [of earth] a [blessed] scroll labeled GHOTI [of enchant weapon] an [uncursed] scroll labeled GHOTI [of enchant weapon] a [blessed] scroll labeled READ ME [of enchant armor] an [uncursed] scroll labeled VENZAR BORGAVVE [of destroy armor] an uncursed scroll of scare monster a cursed scroll of teleportation 2 [uncursed] scrolls of teleportation an [uncursed] fizzy potion [of healing] a potion of holy water an uncursed potion of paralysis an [uncursed] white potion [of restore ability] a [cursed -3] clay ring [of adornment] a [cursed -1] engagement ring [of protection] an [uncursed +2] engagement ring [of protection] a [cursed] jacinth ring [of hunger] an [uncursed +1] porcelain ring [of increase damage] an uncursed ring of invisibility an uncursed ring of levitation a [cursed] sapphire ring [of poison resistance] an [uncursed] electrum wand [of slow monster (0:7)] an [uncursed] glass wand [of light (0:15)] an [uncursed] grooved wand [of digging (0:8)] an [uncursed] iron wand [of speed monster (0:7)] an [uncursed] octagonal wand [of undead turning (0:6)] an [uncursed] pine wand [of cancellation (0:6)] an [uncursed] wand of magic missile [0:8] an [uncursed] wand of magic missile [0:7] an uncursed magic marker (0:26) Spells known in the end: Name Level Category Fail Memory a - force bolt 1 attack 0% [||||||..] b - drain life 2 attack 0% [||||||..] c - levitation 4 escape 96% [||||||||] Your skills at the end: Fighting Skills Weapon Skills quarterstaff [Basic / Expert] Spellcasting Skills attack spells [Skilled / Expert] enchantment spells [Basic / Skilled] Final Attributes: You were piously aligned. Hunger level was 589. Your alignment was 38 / 39. Monster difficulty range was 1 - 7. Level difficulty was 6. You were magic-protected. You were telepathic. You were stealthy. You could teleport. Your luck was zero. You are dead. Vanquished creatures: 2 giant mimics a giant beetle a spotted jelly a leprechaun a dwarf mummy 2 lizards a dingo a housecat 2 blue jellies a black unicorn a dust vortex a plains centaur a human zombie 3 Woodland-elves 3 soldier ants a snow ant a wood nymph 6 Uruk-hai 4 enormous rats a fog cloud a yellow light a violet fungus 2 gnome lords a gray ooze a straw golem a wax golem 4 giant ants a little dog 3 floating eyes a kitten 2 dwarves 2 homunculi 3 rothes a rabid rat 3 giant bats 10 orc zombies a dwarf zombie 3 iguanas 3 killer bees 3 coyotes 3 hobbits 3 large kobolds 2 hobgoblins 9 giant rats 2 cave spiders 5 yellow molds 9 gnomes 5 garter snakes 4 geckos 7 jackals 2 foxes 3 goblins 3 sewer rats 5 grid bugs 4 lichens a kobold zombie 4 newts 153 creatures vanquished. Voluntary challenges: You used a wielded weapon 100 times. You read items or engraved 6 times. You put on armor 3 times. You never genocided any monsters. You never polymorphed an object. You never changed form. You used no wishes. You wrote Elbereth's name 1 time. You never encountered a bones level. You never used any Sokoban shortcuts. Dungeon overview: The Dungeons of Doom: levels 1 to 6 Level 1 a long staircase Level 3 an altar to Thoth, a fountain, a sink Level 4 an altar to Thoth, some fountains stairs to The Gnomish Mines Level 5 many fountains Level 6 <- You were here stairs to Sokoban The Gnomish Mines: Level 5 stairs to The Dungeons of Doom Sokoban: levels 3 to 5 Level 5 a magic chest stairs to The Dungeons of Doom History has recorded: On T:1 you entered the Dungeons of Doom to retrieve the Amulet of Yendor! On T:93 you reached level 2 of The Dungeons of Doom. On T:378 you reached level 3 of The Dungeons of Doom. On T:379 you advanced to experience level 2. On T:609 you advanced to experience level 3. On T:813 you reached level 4 of The Dungeons of Doom. On T:868 you advanced to experience level 4. On T:1076 you advanced to experience level 5. On T:1216 you reached level 1 of The Gnomish Mines. On T:1297 you advanced to experience level 6. On T:1367 you reached level 5 of The Dungeons of Doom. On T:1746 you reached level 6 of The Dungeons of Doom. On T:1771 you advanced to experience level 7. On T:1787 you advanced to experience level 8. On T:2078 you reached level 3 of Sokoban. On T:2817 you reached level 2 of Sokoban. On T:3917 you reached level 1 of Sokoban. On T:3932 you advanced to experience level 9. Latest messages: [HP-4=51] The horse kicks! The horse bites! The horse kicks! The horse bites! [HP-11=40] The horse kicks! The horse bites! The horse kicks! The horse bites! [HP-11=29] The horse kicks! The horse bites! [HP-4=25] The horse kicks! The horse bites! The horse kicks! The horse bites! [HP-14=11] The horse kicks! The horse bites! The horse kicks! The horse bites! You die... Final status: Goodbye groovejumper the Wizard... You died in The Dungeons of Doom on dungeon level 6 with 8705 points, and 1429 pieces of gold, after 5884 moves. You were level 9 with a maximum of 77 hit points when you died.